 Dungeon Crawl Stone Soup version 0.23.2-30-g0e89c35649 (webtiles) character file.

Game seed: 381577856773368540

51772 Revguard the Severer (level 14, -7/129 HPs)
             Began as a Deep Dwarf Fighter on June 17, 2019.
             Was a High Priest of Trog.
             Mangled by an orc warlord
             ... wielding a +0 dire flail
              (37 damage)
             ... on level 2 of the Orcish Mines.
             The game lasted 01:02:57 (13018 turns).

Revguard the Severer (Deep Dwarf Fighter)          Turns: 13018, Time: 01:02:58

Health: -7/129     AC: 24    Str: 40    XL:     14   Next: 24%
Magic:  0/4 (13)   EV: 13    Int: 13    God:    Trog [*****.]
Gold:   2179       SH: 18    Dex: 23    Spells: 13/13 levels left

rFire    + + .     SeeInvis +   G - +3 broad axe (chop)
rCold    x . .     Gourm    .   M - +2 shield of Words of Power {+Fly rC- Str+8 Slay+5}
rNeg     + + .     Faith    .   t - +1 chain mail {rF+}
rPois    +         Spirit   .   m - +0 hat of Amelioration {rCorr Dex+2}
rElec    .         Reflect  .   a - +5 cloak "Lujonudd" {Str+4 Int+3}
rCorr    +         Harm     .   Y - +2 pair of gloves of Wariness {Str+4}
MR       ++...                  U - +0 pair of boots
Stlth    ..........             K - amulet "Goyjol" {Acrobat rN+ Dex+6}
HPRegen  0.00/turn              v - ring of Fiezoip {+Blink rPois rF+ MP-9 SInv}
MPRegen  0.09/turn              u - +3 ring of strength

@: about to teleport, very slightly contaminated, non-regenerating
A: damage resistance, heal wounds, talons 1, high mp 1, negative energy
resistance 1, sense surroundings 2, wild magic 1, MP-powered wands, no
regeneration
a: Heal Wounds, Berserk, Trog's Hand, Brothers in Arms, Renounce Religion, Evoke
Blink, Evoke Flight


You were on level 2 of the Orcish Mines.
You worshipped Trog.
Trog was extremely pleased with you.
You were very hungry.

You visited 3 branches of the dungeon, and saw 18 of its levels.
You also visited: Bailey.

You collected 2569 gold pieces.
You spent 390 gold pieces at shops.

Inventory:

Hand Weapons
 G - a +3 broad axe of chopping (weapon)
Armour
 a - the +5 cloak "Lujonudd" (worn) {Str+4 Int+3}
   (You acquired it on level 14 of the Dungeon)

   It affects your strength (+4).
   It affects your intelligence (+3).
 m - the +0 hat of Amelioration (worn) {rCorr Dex+2}
   (You acquired it on level 5 of the Dungeon)

   It affects your dexterity (+2).
   It provides partial protection from all sources of acid and corrosion.
 t - a +1 chain mail of fire resistance (worn)
 I - a +2 helmet of intelligence
 M - the +2 shield of Words of Power (worn) {+Fly rC- Str+8 Slay+5}
   (You found it in a bailey)

   It affects your strength (+8).
   It affects your accuracy and damage with ranged weapons and melee attacks
   (+5).
   It makes you vulnerable to cold.
   It lets you fly.
 U - a +0 pair of boots (worn)
 Y - the +2 pair of gloves of Wariness (worn) {Str+4}
   (You found it on level 15 of the Dungeon)

   It affects your strength (+4).
Jewellery
 h - an uncursed ring of ice
 i - an uncursed ring of positive energy
 k - an uncursed ring of flight
 r - an uncursed ring of poison resistance
 s - an uncursed ring of resist corrosion
 u - a +3 ring of strength (right hand)
 v - the ring of Fiezoip (left hand) {+Blink rPois rF+ MP-9 SInv}
   (You acquired it on level 14 of the Dungeon)

   [ring of see invisible]

   It protects you from fire.
   It protects you from poison.
   It affects your magic capacity (-9).
   It lets you see invisible.
   It lets you blink.
 y - an uncursed amulet of the gourmand
 A - an uncursed ring of fire
 C - an uncursed ring of protection from magic
 K - the amulet "Goyjol" (around neck) {Acrobat rN+ Dex+6}
   (You found it in a bailey)

   [amulet of the acrobat]

   It helps you evade while moving and waiting.
   It affects your dexterity (+6).
   It protects you from negative energy.
 R - an uncursed ring of protection from magic
 W - an uncursed amulet of magic regeneration {unknown}
Wands
 b - a wand of paralysis (11)
 j - a wand of polymorph (1)
 o - a wand of random effects (51)
 H - a wand of acid (6)
 O - a wand of disintegration (10)
 T - a wand of iceblast (13)
Scrolls
 c - a scroll of holy word
 e - 8 scrolls of teleportation
 n - 8 scrolls of remove curse
 p - 2 scrolls of noise
 w - a scroll of amnesia {unknown}
 x - 3 scrolls of fear
 F - a scroll of fog
 J - 2 scrolls of enchant armour
 L - a scroll of magic mapping {unknown}
 V - a scroll of identify
Potions
 d - 2 potions of might
 g - 2 potions of flight
 l - 4 potions of heal wounds
 q - 2 potions of magic
 z - 3 potions of brilliance
 B - 4 potions of resistance
 D - 5 potions of curing
 E - 4 potions of agility
 P - 3 potions of haste
Comestibles
 f - 25 rations
 Q - 6 chunks of flesh


   Skills:
 + Level 9.3 Fighting
 + Level 15.3 Axes
 + Level 10.1 Armour
 + Level 5.1 Dodging
 + Level 12.1 Shields
 * Level 14.0 Evocations


You had 13 spell levels left.
You didn't know any spells.
Your spell library contained the following spells:

 Spells                   Type           Power        Failure   Level  Hunger
 Magic Dart               Conj           #...         83%         1    ##.....
 Blink                    Tloc           N/A          92%         2    ###....
 Call Imp                 Summ           #.......     92%         2    ###....
 Slow                     Hex            #.......     92%         2    ###....
 Conjure Flame            Conj/Fire      #.......     99%         3    ####...
 Mephitic Cloud           Conj/Pois/Air  #.......     99%         3    ####...


Dungeon Overview and Level Annotations

Branches:
Dungeon (15/15)            Temple (1/1) D:5            Lair (0/6) D:11
    Orc (2/2) D:9             Elf (0/3) Orc:2        Vaults (0/5) D:14
 Depths (0/5) D:15

Altars:
Ashenzari
Cheibriados
Dithmenos
Elyvilon
Fedhas
Gozag
Hepliaklqana
Kikubaaqudgha
Makhleb
Nemelex Xobeh
Okawaru
Qazlal
Ru
Sif Muna
Trog
Uskayaw
Vehumet
Wu Jian
Xom
Yredelemnul
Zin
The Shining One

Shops:
D:10 (=[[[   D:13 !(}   D:14 =   Orc:1 :   Orc:2 [

Portals:
Trove: D:12 (give 5 potions of resistance)


Innate Abilities, Weirdness & Mutations

You are resistant to damage.
You can heal yourself by infusing magical energy.
You resist negative energy. (rN+)
You passively map the area around you.
You do not regenerate.
You have sharp toenails.
You have an increased reservoir of magic. (+10% MP)
Your spells are a little harder to cast, but a little more powerful.
You expend magic power (3 MP) to strengthen your wands.


Message History

The mass of ice explodes!
The iceblast engulfs the orc knight!
The orc knight is almost dead.
The iceblast engulfs the orc warlord!!
The orc warlord is moderately wounded.
The orc warlord roars a battlecry!
The orc knight closely misses you.
The soul eater draws from the surrounding life force!
As you read the scroll of teleportation, it crumbles to dust.
You feel strangely unstable.
The sixfirhy hits you but does no damage.
You block the sixfirhy's attack. x2; The sixfirhy completely misses you.
An orc comes into view. It is wielding a +0 falchion.
The orc high priest prays to Beogh.
The orc knight hits you from afar with a +0 glaive!!
* * * LOW HITPOINT WARNING * * *
Your magical essence is drained by the effort!
You feel much better.
The sixfirhy disappears in a puff of smoke!
The orc warlord hits you with a +0 dire flail!!!
You die...

, , , , , , , ** ** * .
* , * **,..########## ,
.......#.#.## , ,
.......#....# , ,,
.....oo....#####
,..oooo§@([).##.##
4oo.))o)[(..((.%# , ,,,
o.34.)[).[..##.## , ,,
.o.o..)[).%###.## ,
,.....§°#))......### , ,
,3....§.#%......##.#####
* ** *
..#######%...##....##.##
* .. #.....#.........# *
, #............#..#


You could see an orc warlord, 2 orc knights, a soul eater, 2 orc high priests, a
sun demon, an ice devil, a rust devil, an orc sorcerer, 2 orc priests and 4
orcs.

Vanquished Creatures
  An ettin (D:15)
  An ogre mage (D:14)
  A hydra (D:15)
  7 two-headed ogres
  5 centaur warriors
  A tengu warrior (D:15)
  2 orc high priests
  Nergalle (Orc:1)
  Sonja (Orc:2)
  A deep elf knight (D:15)
  A skeletal warrior (D:14)
  A deep troll (D:15)
  An unseen horror (D:14)
  3 orc sorcerers (Orc:2)
  3 orc knights
  5 ugly things
  A deep elf mage (D:12)
  15 slime creatures
  2 manticores
  An elephant (D:11)
  4 orange demons (D:12)
  4 molten gargoyles (D:15)
  8 centaur skeletons
  4 kobold demonologists
  A yaktaur (D:15)
  A freezing wraith (D:15)
  2 tengu conjurers (D:13)
  A queen bee (D:10)
  2 red devils (D:12)
  3 meliai (D:15)
  5 trolls
  6 hippogriffs
  2 wraiths
  A shadow (D:14)
  A wyvern (D:12)
  A vampire (D:14)
  17 yaks
  Eustachio (D:4)
  A basilisk (D:11)
  3 vampire mosquitoes (D:14)
  2 hungry ghosts
  A steam dragon (D:12)
  A soldier ant (D:14)
  5 wargs
  2 acid dragons
  A water moccasin (D:15)
  32 orc warriors
  2 black bears (D:9)
  2 ice beasts (D:5)
  A phantom (D:8)
  4 sky beasts
  13 ogres
  3 necrophages
  13 centaurs
  A crocodile (D:11)
  6 big kobolds
  11 bullfrogs
  9 gnoll sergeants
  6 scorpions
  19 killer bees
  8 wights
  6 howler monkeys
  2 centaur zombies
  3 crimson imps
  A bullfrog zombie (D:13)
  6 hounds
  5 jellies
  21 orc priests
  6 gnoll shamans (Bailey)
  32 orc wizards
  Crazy Yiuf (D:4)
  3 bullfrog skeletons
  Ijyb (D:4)
  Natasha (D:3)
  3 iguanas
  6 worker ants
  A hound zombie (D:11)
  A hound skeleton (D:8)
  25 gnolls
  12 adders
  2 shadow imps
  An ooze (D:1)
  An adder zombie (D:8)
  An adder skeleton (D:8)
  2 worms
  2 dart slugs (D:2)
  4 leopard geckos
  99 orcs
  4 giant cockroaches
  9 goblins
  10 hobgoblins
  14 jackals
  17 kobolds
  6 quokkas
  3 ball pythons
  14 bats
  5 frilled lizards
  A jackal skeleton (D:9)
  2 quokka skeletons
  16 rats
613 creatures vanquished.

Vanquished Creatures (collateral kills)
  An ugly thing (D:15)
  2 orange demons (D:12)
  A vampire (D:12)
  A bullfrog (D:15)
5 creatures vanquished.

Vanquished Creatures (others)
  An adder (D:12)
1 creature vanquished.

Grand Total: 619 creatures vanquished

Notes
Turn   | Place    | Note
-------+----------+-------------------------------------------
     0 | D:1      | Revguard the Deep Dwarf Fighter began the quest for the
                  | Orb.
     0 | D:1      | Reached XP level 1. HP: 20/20 MP: 1/1
   109 | D:1      | Reached XP level 2. HP: 24/27 MP: 2/2
   207 | D:1      | Reached XP level 3. HP: 24/34 MP: 3/3
   531 | D:2      | Found a shimmering altar of Xom.
   604 | D:2      | Reached skill level 3 in Axes
   609 | D:2      | Found a glowing golden altar of the Shining One.
   722 | D:2      | Reached XP level 4. HP: 24/42 MP: 4/4
   752 | D:2      | Noticed an ogre
   767 | D:2      | Killed an ogre
   767 | D:2      | Reached skill level 1 in Evocations
   767 | D:2      | Reached XP level 5. HP: 15/49 MP: 3/5
   781 | D:2      | Reached skill level 4 in Axes
   899 | D:2      | Found a glowing silver altar of Zin.
  1053 | D:2      | Found a hazy altar of Hepliaklqana.
  1841 | D:3      | Found a stormy altar of Qazlal.
  1900 | D:3      | Noticed Natasha
  1907 | D:3      | Killed Natasha
  1907 | D:3      | Reached XP level 6. HP: 40/56 MP: 5/5
  2325 | D:4      | Reached skill level 1 in Dodging
  2442 | D:4      | Noticed Ijyb
  2483 | D:4      | Killed Ijyb
  2536 | D:4      | Noticed Eustachio
  2537 | D:4      | Gained mutation: You are weak. (Str -2) [potion of
                  | mutation]
  2537 | D:4      | Gained mutation: Your body sometimes deteriorates upon
                  | taking damage. [potion of mutation]
  2537 | D:4      | Gained mutation: You are dopey. (Int -2) [potion of
                  | mutation]
  2537 | D:4      | Gained mutation: You have a pair of small horns on your
                  | head. [potion of mutation]
  2586 | D:4      | Killed Eustachio
  2586 | D:4      | Reached skill level 5 in Axes
  2586 | D:4      | Reached XP level 7. HP: 23/62 MP: 7/7
  2809 | D:4      | Reached skill level 5 in Shields
  2813 | D:4      | Reached skill level 5 in Armour
  2908 | D:4      | Found a runed translucent door.
  2909 | D:4      | Noticed Crazy Yiuf
  2919 | D:4      | Killed Crazy Yiuf
  3018 | D:5      | Entered Level 5 of the Dungeon
  3049 | D:5      | Found a staircase to the Ecumenical Temple.
  3056 | Temple   | Entered the Ecumenical Temple
  3146 | Temple   | Became a worshipper of Trog the Wrathful
  3200 | D:5      | Found a blossoming altar of Fedhas.
  3349 | D:5      | Reached skill level 6 in Axes
  3374 | D:5      | Identified a scroll of acquirement
  3377 | D:5      | Got a distressingly furry hat
  3388 | D:5      | Identified the +0 hat of Amelioration {rCorr Dex+2} (You
                  | acquired it on level 5 of the Dungeon)
  3416 | D:5      | Reached XP level 8. HP: 72/72 MP: 8/8
  3633 | D:5      | Reached skill level 5 in Evocations
  3829 | D:6      | Noticed a two-headed ogre
  3833 | D:6      | Reached * piety under Trog
  3837 | D:6      | Killed a two-headed ogre
  3837 | D:6      | Reached skill level 7 in Axes
  3848 | D:6      | Gained mutation: You passively map the area around you.
                  | [Deep Dwarf growth]
  3848 | D:6      | Reached XP level 9. HP: 74/79 MP: 10/10
  3914 | D:6      | Lost mutation: Your body sometimes deteriorates upon taking
                  | damage. [potion of mutation]
  3914 | D:6      | Lost mutation: You have a pair of small horns on your head.
                  | [potion of mutation]
  3914 | D:6      | Gained mutation: You are clumsy. (Dex -2) [potion of
                  | mutation]
  3914 | D:6      | Gained mutation: Your system is resistant to poisons.
                  | (rPois) [potion of mutation]
  3915 | D:6      | Lost mutation: You are weak. (Str -2) [potion of mutation]
  3915 | D:6      | Lost mutation: Your system is resistant to poisons. (rPois)
                  | [potion of mutation]
  3915 | D:6      | Lost mutation: You are dopey. (Int -2) [potion of mutation]
  3915 | D:6      | Lost mutation: You are clumsy. (Dex -2) [potion of
                  | mutation]
  3915 | D:6      | Gained mutation: You have sharp toenails. [potion of
                  | mutation]
  3915 | D:6      | Gained mutation: Your spells are a little harder to cast,
                  | but a little more powerful. [potion of mutation]
  3915 | D:6      | Gained mutation: You have an increased reservoir of magic.
                  | (+10% MP) [potion of mutation]
  3915 | D:6      | Gained mutation: You expend magic power (3 MP) to
                  | strengthen your wands. [potion of mutation]
  4258 | D:6      | Reached skill level 8 in Axes
  5392 | D:8      | Reached skill level 5 in Fighting
  5392 | D:8      | Reached skill level 9 in Axes
  5406 | D:8      | Reached ** piety under Trog
  5535 | D:8      | Found a basalt altar of Yredelemnul.
  6199 | D:9      | Found a sacrificial altar of Ru.
  6249 | D:9      | Reached XP level 10. HP: 58/88 MP: 12/12
  6520 | D:9      | Found a flagged portal.
  6535 | D:9      | Got a transparent halberd
  6538 | Bailey   | Entered a bailey
  6640 | Bailey   | Reached skill level 10 in Axes
  6800 | Bailey   | Got a translucent lead amulet
  6803 | Bailey   | Identified the amulet "Goyjol" {Acrobat rN+ Dex+6} (You
                  | found it in a bailey)
  6898 | Bailey   | Got a jewelled shield
  6914 | Bailey   | Identified the +2 shield of Words of Power {+Fly rC- Str+8
                  | Slay+5} (You found it in a bailey)
  7016 | D:9      | Noticed a two-headed ogre
  7022 | D:9      | Noticed a manticore
  7024 | D:9      | Killed a two-headed ogre
  7030 | D:9      | Killed a manticore
  7137 | D:9      | Found a staircase to the Orcish Mines.
  7199 | D:9      | Reached *** piety under Trog
  7254 | D:9      | Reached XP level 11. HP: 48/97 MP: 13/13
  7512 | D:10     | Entered Level 10 of the Dungeon
  7525 | D:10     | Reached skill level 11 in Axes
  7543 | D:10     | Found Gufo's Armour Shop.
  7546 | D:10     | Found Zeus's Antique Armour Shoppe.
  7598 | D:10     | Found Itonav's Jewellery Shoppe.
  7668 | D:10     | Found Veisch's Weapon Boutique.
  7819 | D:10     | Reached **** piety under Trog
  7957 | D:10     | Found Attic Qouh's Antique Armour Shop.
  7964 | D:10     | Reached skill level 10 in Evocations
  8213 | D:11     | Noticed a white ugly thing
  8226 | D:11     | Killed a white ugly thing
  8432 | D:11     | Reached skill level 12 in Axes
  8628 | D:11     | Found a staircase to the Lair.
  8746 | D:12     | Noticed a deep elf mage
  8749 | D:12     | Killed a deep elf mage
  8841 | D:12     | Reached ***** piety under Trog
  8888 | D:12     | Reached XP level 12. HP: 62/109 MP: 16/16
  8896 | D:12     | Reached skill level 10 in Shields
  8967 | D:12     | Received a gift from Trog
  8989 | D:12     | Noticed a two-headed ogre
  8999 | D:12     | Killed a two-headed ogre
  9123 | D:12     | Reached skill level 13 in Axes
  9323 | D:12     | Found a portal to a secret trove of treasure.
  9559 | D:13     | Noticed a two-headed ogre
  9567 | D:13     | Killed a two-headed ogre
  9614 | D:13     | Found Jishefykhle's Gadget Emporium.
  9637 | D:13     | Found Putriyph's Antique Weapon Boutique.
  9720 | D:13     | Noticed a centaur warrior
  9727 | D:13     | Killed a centaur warrior
 10294 | D:13     | Found Umar's Distillery.
 10302 | D:13     | Bought a potion of resistance for 130 gold pieces
 10302 | D:13     | Bought 2 potions of resistance for 260 gold pieces
 10433 | D:14     | Noticed a centaur warrior
 10444 | D:14     | Killed a centaur warrior
 10506 | D:14     | Noticed a two-headed ogre
 10506 | D:14     | Noticed an ogre mage
 10507 | D:14     | Noticed a two-headed ogre
 10526 | D:14     | Killed a two-headed ogre
 10641 | D:14     | Reached XP level 13. HP: 75/117 MP: 13/13
 10655 | D:14     | Paralysed by an ogre mage for 6 turns
 10773 | D:14     | Found a gate to the Vaults.
 10890 | D:14     | Got a crude cloak
 10902 | D:14     | Identified the +5 cloak "Lujonudd" {Str+4 Int+3} (You
                  | acquired it on level 14 of the Dungeon)
 10906 | D:14     | Got a vibrating pewter ring
 10909 | D:14     | Identified the ring of Fiezoip {+Blink rPois rF+ MP-9 SInv}
                  | (You acquired it on level 14 of the Dungeon)
 11005 | D:14     | Reached skill level 14 in Axes
 11164 | D:14     | Found Borharif's Jewellery Shop.
 11426 | D:15     | Entered Level 15 of the Dungeon
 11625 | D:15     | Noticed an ettin
 11642 | D:15     | Killed an ettin
 11651 | D:15     | Reached skill level 5 in Dodging
 11689 | D:15     | Found a staircase to the Depths.
 11768 | D:15     | Got a pair of twisted gloves
 11779 | D:15     | Identified the +2 pair of gloves of Wariness {Str+4} (You
                  | found it on level 15 of the Dungeon)
 12061 | Orc:1    | Entered Level 1 of the Orcish Mines
 12070 | Orc:1    | Reached skill level 10 in Armour
 12127 | Orc:1    | Gained mutation: You resist negative energy. (rN+) [Deep
                  | Dwarf growth]
 12127 | Orc:1    | Reached XP level 14. HP: 60/129 MP: 5/14
 12236 | Orc:1    | Found Umoe's Book Shop.
 12256 | Orc:1    | Noticed Nergalle
 12264 | Orc:1    | Killed Nergalle
 12264 | Orc:1    | Reached skill level 15 in Axes
 12395 | Orc:2    | Entered Level 2 of the Orcish Mines
 12404 | Orc:2    | Found a staircase to the Elven Halls.
 12551 | Orc:2    | Received a gift from Trog
 12558 | Orc:2    | Noticed an orc warlord
 12622 | Orc:2    | Noticed Sonja
 12636 | Orc:2    | Killed Sonja
 12739 | Orc:2    | Found Zepsua's Antique Armour Shop.
 13017 | Orc:2    | HP: 6/129 [orc knight/+0 glaive (33)]
 13018 | Orc:2    | Mangled by an orc warlord

Skill      XL: |  1  2  3  4  5  6  7  8  9 10 11 12 13 14 |
---------------+-------------------------------------------+-----
Fighting       | 3 4 5 7 8 9 |  9.3
Axes           | 3 4 5 6 7 9 10 12 13 14 15 | 15.3
Armour         | 4 5 6 7 8 9 10 | 10.1
Shields        | 4 5 6 7 8 9 11 12 | 12.1
Evocations     | 1 2 3 4 6 7 9 11 12 13 14 | 14.0
Dodging        | 1 2 3 4 5 |  5.1

Action                   |  1- 3 |  4- 6 |  7- 9 | 10-12 | 13-15 || total
-------------------------+-------+-------+-------+-------+-------++-------
Melee: War axe           |   126 |   213 |   373 |   537 |    35 ||  1284
       Unarmed           |       |    12 |       |       |       ||    12
       Headbutt          |       |     1 |    41 |       |       ||    42
       Kick              |       |       |    72 |   291 |    27 ||   390
       Broad axe         |       |       |       |       |   234 ||   234
Invok: Trog's Hand       |       |       |     2 |    17 |    10 ||    29
       Berserk           |       |       |       |    11 |     6 ||    17
       Brothers in Arms  |       |       |       |     1 |     4 ||     5
 Abil: Heal Wounds       |       |     4 |    10 |    12 |     7 ||    33
Evoke: Wand              |       |    10 |     1 |     5 |    13 ||    29
  Use: Scroll            |       |     6 |    10 |     6 |    10 ||    32
       Potion            |       |     3 |     7 |     1 |     1 ||    12
 Stab: Distracted        |       |       |       |     1 |     3 ||     4
       Paralysed         |       |       |       |       |     2 ||     2
  Eat: Chunk             |       |     6 |    18 |    20 |    11 ||    55
       Ration            |       |       |     1 |     1 |     2 ||     4
Armor: Scale mail        |    68 |   118 |    25 |       |       ||   211
       Skin              |       |     1 |       |       |       ||     1
       Chain mail        |       |       |   146 |   179 |    80 ||   405
Dodge: Dodged            |    53 |    88 |   101 |   267 |    88 ||   597
Block: Shield            |    74 |   112 |   227 |   542 |   269 ||  1224
